 Dungeon Crawl Stone Soup version 0.27-a0-1196-g3e9cee4 (webtiles) character file.

Game seed: 1062315899827288872

417 Meow the Covert (level 6, 18/49 HPs)
             Began as a Naga Venom Mage on May 27, 2021.
             Was an Initiate of Gozag.
             Quit the game on level 5 of the Dungeon.
             The game lasted 00:16:31 (4253 turns).

Meow the Covert (Naga Venom Mage)                   Turns: 4253, Time: 00:16:32

Health: 18/49      AC:  4    Str: 10    XL:     6   Next: 92%
Magic:  1/11       EV:  9    Int: 18    God:    Gozag
Gold:   225        SH:  0    Dex: 11    Spells: 5/12 levels left

rFire    . . .     SeeInvis +   a - +0 hunting sling
rCold    + . .     Faith    .   (no shield)
rNeg     . . .     Spirit   .   d - +0 robe
rPois    +         Reflect  .   (no helmet)
rElec    .         Harm     .   (no cloak)
rCorr    .         Rampage  .   r - +0 pair of gloves
Will     +....                  (no barding)
Stlth    ++++......             (no amulet)
HPRegen  0.16/turn              l - ring of protection from cold
MPRegen  0.12/turn              f - ring of willpower

@: short of breath, gold aura, very slow
A: AC +2, large, see invisible, deformed body, poison resistance, slowness 2,
spit poison 1, naga tail 1
a: Spit Poison, Renounce Religion, Potion Petition, Call Merchant, Bribe Branch


You were on level 5 of the Dungeon.
You worshipped Gozag.
Gozag was aware of your devotion.
You visited 2 branches of the dungeon, and saw 6 of its levels.

You collected 273 gold pieces.
You paid 48 gold pieces to Gozag.

Inventory:

Hand Weapons
 a - a +0 hunting sling (weapon)
 b - a +0 mace of holy wrath
 u - a +1 halberd of venom
 y - a +4 short sword of speed
Missiles
 c - 85 sling bullets (quivered ammo)
 e - 132 stones
 g - 39 arrows
 D - a throwing net
 F - 12 bolts
Armour
 d - a +0 robe (worn)
 r - a +0 pair of gloves (worn)
Jewellery
 f - a ring of willpower (right hand)
 l - a ring of protection from cold (left hand)
 n - a ring of flight
Wands
 i - a wand of polymorph (4)
Scrolls
 h - a scroll of blinking {unknown}
 j - a scroll of amnesia
 k - a scroll of noise {unknown}
 m - 5 scrolls of enchant armour {unknown}
 s - a scroll of magic mapping {unknown}
 v - a scroll of enchant weapon {unknown}
 x - a scroll of brand weapon {unknown}
 B - a scroll of fear {unknown}
 C - a scroll of identify
 E - a scroll of fog {unknown}
Potions
 o - a potion of mutation
 p - 3 potions of flight
 q - 3 potions of curing {unknown}
 t - a potion of haste {unknown}
 w - a potion of berserk rage {unknown}
 z - a potion of degeneration {unknown}
 A - a potion of lignification {unknown}


   Skills:
 - Level 1.5 Dodging
 * Level 8.1 Stealth
 + Level 3.7 Spellcasting
 + Level 3.1 Conjurations
 - Level 1.0 Transmutations
 - Level 4.0 Poison Magic


You had 5 spell levels left.
You knew the following spells:

 Your Spells              Type           Power      Damage    Failure   Level
a - Sting                 Tmut/Pois      48%        1d5       5%          1
c - Mephitic Cloud        Conj/Pois/Air  11%        N/A       17%         3
C - Ignite Poison         Fire/Tmut/Pois 9%         N/A       22%         3

Your spell library contained the following spells:

 Spells                   Type           Power      Damage    Failure   Level
 Poisonous Vapours        Pois/Air       20%        N/A       10%         2
 Olgreb's Toxic Radiance  Pois           17%        N/A       28%         4


Dungeon Overview and Level Annotations

Branches:
Dungeon (5/15)             Temple (1/1) D:4

Altars:
Ashenzari
Cheibriados
Dithmenos
Elyvilon
Fedhas
Gozag
Hepliaklqana
Makhleb
Nemelex Xobeh
Okawaru
Qazlal
Ru
Sif Muna
Trog
Vehumet
Wu Jian
Xom
Yredelemnul
Zin
The Shining One

Annotations:
D:3 2 transporters


Innate Abilities, Weirdness & Mutations

Your serpentine skin is tough. (AC +2)
You have supernaturally acute eyesight. (SInv)
Armour fits poorly on your strangely shaped body.
Your system is resistant to poisons. (rPois)
You cover ground very slowly.
You can spit poison.
You have a snake-like lower body.


Message History

Aim: a gnoll sergeant, wielding a +0 trident and wearing a +0 ring mail (chance to affect: 81%)
The ball explodes into a vile cloud!
The stinking cloud engulfs the gnoll sergeant but does no damage.
The stinking cloud engulfs the orc but does no damage.
The gnoll sergeant is engulfed in noxious fumes.
The gnoll sergeant appears confused.
Unknown command.
Unknown command.
The gnoll sergeant is engulfed in noxious fumes.
The gnoll sergeant appears confused.
The orc wizard is engulfed in noxious fumes.
The orc wizard appears confused.
The orc wizard barely misses the gnoll sergeant.
The gnoll sergeant is engulfed in noxious fumes.
The gnoll sergeant appears confused.
The orc wizard is engulfed in noxious fumes.
The orc wizard appears confused.
The gnoll sergeant is engulfed in noxious fumes.
The gnoll sergeant appears confused.
The gnoll sergeant gestures wildly.
Press: ? - help, Shift-Dir - straight line, f - orc wizard, p - gnoll sergeant
Aim: an orc wizard, wielding a +0 dagger and wearing a +0 robe (confused)
The splash of poison hits the orc wizard but does no damage.
The orc wizard is poisoned.
An orc opens the door.
Unknown command.
Press: ? - help, v - describe, . - travel
Here: a gnoll sergeant, wielding a +0 trident and wearing a +0 ring mail (lightly wounded, confused)
The floor.
Fire: 86 sling bullets
Press: ? - help, Q - select action, (/) - cycle Shift-Dir - straight line, f/p - orc wizard
Aim: an orc wizard, wielding a +0 dagger and wearing a +0 robe (confused, poisoned, 71% to hit)
You shoot a sling bullet.
The sling bullet barely misses the orc wizard.
You have got your breath back.
Press: ? - help, Shift-Dir - straight line, f - orc, p - orc wizard
Aim: an orc, wielding a +0 flail of venom The splash of poison hits the orc!
The orc is poisoned.
You kill the orc!
Found a scroll labelled NEOGID ATOE.
Are you sure you want to abandon this character and quit the game? (Confirm with "yes".)

######### #.......#
#!......#
...#######.$.g...###
.......@....o..(...#####
....####....#'####......
? #..#..# #.####.
#.###.# #...... ... ..#
#...### #.## ..# #.###..
... ...# #.##$$# ## ....
..##o## ..### .###$#


You could see a gnoll sergeant (confused) and an orc wizard (confused,
poisoned).

Vanquished Creatures
  A scorpion (D:4)
  2 hounds
  Jessica (D:2)
  10 gnolls
  9 adders
  A worm (D:4)
  2 dart slugs
  7 orcs
  10 ball pythons
  3 endoplasms
  3 giant cockroaches (D:1)
  7 goblins
  10 hobgoblins
  6 jackals (D:4)
  A quokka (D:2)
  5 bats
  2 frilled lizards (D:1)
  11 kobolds
  3 rats
94 creatures vanquished.

Notes
Turn   | Place    | Note
-------+----------+-------------------------------------------
     0 | D:1      | Meow the Naga Venom Mage began the quest for the Orb.
     0 | D:1      | Reached XP level 1. HP: 15/15 MP: 3/3
   122 | D:1      | Reached XP level 2. HP: 22/22 MP: 3/5
   209 | D:1      | Found a faded altar of an unknown god.
   347 | D:1      | Reached skill level 4 in Stealth
   442 | D:1      | Reached XP level 3. HP: 28/28 MP: 4/6
   446 | D:1      | Learned a level 3 spell: Ignite Poison
   450 | D:1      | Learned a level 3 spell: Mephitic Cloud
   669 | D:2      | Reached skill level 1 in Conjurations
   948 | D:2      | Noticed Jessica
   954 | D:2      | Killed Jessica
  1032 | D:2      | Reached XP level 4. HP: 36/36 MP: 8/8
  1055 | D:2      | Reached skill level 5 in Stealth
  2036 | D:3      | Found a broken altar of Ashenzari.
  2059 | D:3      | Reached XP level 5. HP: 42/42 MP: 7/9
  2140 | D:3      | Reached skill level 6 in Stealth
  2289 | D:3      | Found a transporter.
  2296 | D:3      | Found a transporter.
  2302 | D:3      | Found a radiant altar of Vehumet.
  2914 | D:4      | Reached XP level 6. HP: 49/49 MP: 6/11
  2987 | D:4      | Found a staircase to the Ecumenical Temple.
  2997 | Temple   | Entered the Ecumenical Temple
  3264 | Temple   | Became a worshipper of Gozag Ym Sagoz the Greedy
  3411 | D:4      | Found a burning altar of Makhleb.
  3451 | D:4      | Reached skill level 7 in Stealth
  3546 | D:4      | Found a shadowy altar of Dithmenos.
  3546 | D:4      | Found a sparkling altar of Nemelex Xobeh.
  3546 | D:4      | Found a hazy altar of Hepliaklqana.
  4039 | D:4      | Found an iron altar of Okawaru.
  4059 | D:4      | Found a sacrificial altar of Ru.
  4064 | D:4      | Found a glowing golden altar of the Shining One.
  4115 | D:4      | Found a basalt altar of Yredelemnul.
  4118 | D:4      | Found a snail-covered altar of Cheibriados.
  4154 | D:5      | Entered Level 5 of the Dungeon
  4225 | D:5      | Reached skill level 8 in Stealth
  4253 | D:5      | Quit the game

Illustrated notes

Levels and vault maps discovered:
D:1:      tarquinn_simple_flora_water_f, layout_rooms,
          ebering_ecumenical_altar_abandoned, minmay_three_crescents
D:2:      minmay_spotlight, layout_basic, uniq_jessica
D:3:      layout_rooms, lemuel_crystal_altar, gammafunk_temple_overflow_arena
D:4:      layout_basic, minmay_overflow_temple_hex,
          chequers_temple_overflow_statue_of_worship,
          minmay_temple_entry_nine_rooms
D:5:      layout_rooms, general_overflow_altar, mrwooster_statue_mirror,
          st_stairs_9, minivault_27
Temple:   compressed_dpeg_triangle_lava_temple

Skill      XL: |  1  2  3  4  5  6 |
---------------+-------------------+-----
Stealth        | 4 5 6 8 |  8.1
Conjurations   | 1 2 3 |  3.1
Spellcasting   | 3 |  3.7
Dodging        | |  1.5
Transmutations | |  1.0
Poison Magic   | |  4.0

Action                   |  1- 3 |  4- 6 || total
-------------------------+-------+-------++-------
 Fire: Hunting sling     |    26 |    60 ||    86
 Cast: Sting             |     8 |    64 ||    72
       Mephitic Cloud    |     1 |    14 ||    15
       Ignite Poison     |       |     2 ||     2
 Abil: Spit Poison       |    19 |    68 ||    87
  Use: Scroll            |       |     3 ||     3
Armor: Robe              |     1 |    23 ||    24
Dodge: Dodged            |     5 |    40 ||    45

Table legend: (Time is in decaauts)
 A = Elapsed time spent in this place.
 B = Non-inter-level travel time spent in this place.
 C = Inter-level travel time spent in this place.
 D = Time resting spent in this place.
 E = Time spent auto-exploring this place.
 F = Levels seen in this place.
 G = Mean time per level.
                   A        B        C        D        E       F      G
               +--------+--------+--------+--------+--------+-----+--------+
         Total |   5491 |   5111 |    380 |    715 |   3657 |   6 |  915.2 |
       Dungeon |   5104 |   4773 |    331 |    715 |   3321 |   5 | 1020.8 |
        Temple |    387 |    338 |     49 |      0 |    336 |   1 |  387.0 |
               +--------+--------+--------+--------+--------+-----+--------+

Top non-repeatable levels by time:
     D:2: 1691 daAuts
     D:4: 1418 daAuts
     D:3: 970 daAuts
     D:1: 893 daAuts
  Temple: 387 daAuts
     D:5: 130 daAuts
